Match 45961258
Unlisted

Match 45961258
End
Vickers Machine Gun Team
Construct Section Command Post
Infantry Section
Infantry Section
Infantry Section
Construct Field Infirmary
Grenade Package
Selects Heavy Armor Battlegroup
Selects Engineer Detachments
Royal Engineer Section
Construct Platoon Command Post
AI Takeover
DexN
FeriG
0
0

Comments sign in to comment!

No comments posted yet!